 Dungeon Crawl Stone Soup version 0.28-a0-194-g42b4daccc1 (webtiles) character file.

Game seed: 11507059538033525328

522 thedisplayname the Sneak (level 7, -3/46 HPs)
             Began as an Octopode Monk on Aug 18, 2021.
             Slain by a bullfrog (4 damage)
             ... on level 5 of the Dungeon.
             The game lasted 00:10:17 (4069 turns).

thedisplayname the Sneak (Octopode Monk)            Turns: 4069, Time: 00:10:17

Health: -3/46      AC:  1    Str: 10    XL:     7   Next: 22%
Magic:  7/7        EV: 15    Int: 12    God:
Gold:   164        SH:  0    Dex: 17    Spells: 6/6 levels left

rFire   . . .      SeeInvis .   d - +1 short sword (flame)
rCold   . . .      Faith    .   (no shield)
rNeg    . . .      Spirit   .   (helmet restricted)
rPois   .          Reflect  .   (no amulet)
rElec   .          Harm     .   (no ring)
rCorr   .          Rampage  .   (no ring)
Will    .....                   (no ring)
Stlth   +++++.....              (no ring)
HPRegen 0.15/turn               (no ring)
MPRegen 0.10/turn               (no ring)
                                (no ring)
                                (no ring)

@: mighty, lethally poisoned (-3 -> -11)
A: almost no armour, amphibious, 8 rings, camouflage 1, gelatinous body 1,
(nimble swimmer 1), tentacles
a: no special abilities


You were on level 5 of the Dungeon.
You visited 1 branch of the dungeon, and saw 5 of its levels.

You collected 164 gold pieces.

Inventory:

Hand Weapons
 a - a +0 short sword
 d - a +1 short sword of flaming (weapon)
Scrolls
 b - 3 scrolls of identify
 c - a scroll of amnesia
 e - a scroll of immolation
 f - a scroll of teleportation
 h - a scroll of torment
 i - a scroll of enchant armour


   Skills:
 - Level 3.1 Fighting
 + Level 4.7 Short Blades
 + Level 4.7 Dodging
 * Level 7.8 Stealth


You had 6 spell levels left.
You didn't know any spells.
Your spell library was empty.

Dungeon Overview and Level Annotations

Branches:
Dungeon (5/15)
 Temple: D:4-7

Altars:
Elyvilon
Trog

Shops:
D:3 [


Innate Abilities, Weirdness & Mutations

You cannot wear most types of armour.
You are amphibious.
You can wear up to eight rings at the same time.
Your skin changes colour to match your surroundings (Stealth+).
Your rubbery body absorbs attacks. (AC +1, EV +1)
((You are camouflaged near water. (Stealth+)))
You have tentacles for arms and can constrict up to eight enemies at once.


Message History

You constrict the gnoll, but do no damage.
The gnoll hits you with a +0 spear.
You hit the gnoll. You burn the gnoll.
You kill the gnoll!
The gnoll sergeant hits you from afar with a +1 spear of venom.
You are poisoned.
You puncture the gnoll! You burn the gnoll.
You kill the gnoll!
You feel very sick. The gnoll closely misses you.
The gnoll sergeant barely misses you.
You puncture the bullfrog! You burn the bullfrog.
Your grab misses the bullfrog.
The bullfrog is heavily wounded.
You feel sick. The bullfrog closely misses you.
The gnoll hits you with a +0 club. The gnoll sergeant barely misses you.
You closely miss the bullfrog. Your grab misses the bullfrog.
Your squeeze misses the bullfrog.
The bullfrog is heavily wounded.
You feel sick. The bullfrog misses you. The gnoll hits you with a +0 club.
The gnoll sergeant misses you.
You barely miss the bullfrog. Your grab misses the bullfrog.
The bullfrog is heavily wounded.
You feel sick. The bullfrog closely misses you.
The gnoll hits you with a +0 club.
The gnoll sergeant hits you from afar with a +1 spear of venom!
* * * LOW HITPOINT WARNING * * *
You are lethally poisoned!
You aren't carrying any potions.
* * * LOW HITPOINT WARNING * * *
You feel very sick. The bullfrog hits you.
* * * LOW HITPOINT WARNING * * *
* * * LOW HITPOINT WARNING * * *
You feel very sick. The bullfrog closely misses you.
There is a stone staircase leading up here.
* * * LOW HITPOINT WARNING * * *
You feel very sick. The bullfrog hits you.
You die...

#...... #....(.
....(.. #.....
#.....## # .
#....).# ##.#.#
#..g####....)#
#.##...F......#
.......g@.....#
############.....
.###


You could see a gnoll sergeant, a bullfrog and a gnoll.

Vanquished Creatures
  A water moccasin (D:3)
  An ogre (D:4)
  A howler monkey (D:4)
  A jelly (D:4)
  A centaur skeleton (D:3)
  2 iguanas (D:4)
  5 gnolls
  5 adders
  2 worms
  3 dart slugs
  4 orcs (D:4)
  3 bats
  9 endoplasms
  3 giant cockroaches
  5 goblins
  6 hobgoblins
  2 jackals (D:4)
  5 kobolds
  6 quokkas
  8 ball pythons
  3 frilled lizards
  6 rats
  A spectral kobold (D:1)
83 creatures vanquished.

Notes
Turn   | Place    | Note
-------+----------+-------------------------------------------
     0 | D:1      | thedisplayname the Octopode Monk began the quest for the
                  | Orb.
     0 | D:1      | Reached XP level 1. HP: 16/16 MP: 1/1
    27 | D:1      | Found a faded altar of an unknown god.
   287 | D:1      | Reached skill level 3 in Stealth
   287 | D:1      | Reached XP level 2. HP: 21/21 MP: 2/2
   833 | D:2      | Reached XP level 3. HP: 26/26 MP: 3/3
   986 | D:2      | Reached skill level 4 in Stealth
  1330 | D:2      | Reached XP level 4. HP: 26/31 MP: 4/4
  1753 | D:3      | Reached skill level 5 in Stealth
  2094 | D:3      | Noticed a water moccasin
  2106 | D:3      | Killed a water moccasin
  2106 | D:3      | HP: 2/46 [poisoned by a water moccasin]
  2107 | D:3      | Reached skill level 6 in Stealth
  2107 | D:3      | Reached XP level 5. HP: 2/36 MP: 5/5
  2594 | D:3      | Found Ostruohuarukk's Armour Shoppe.
  2916 | D:4      | Reached XP level 6. HP: 40/42 MP: 6/6
  3214 | D:4      | Reached skill level 7 in Stealth
  3345 | D:4      | Reached XP level 7. HP: 28/46 MP: 7/7
  3493 | D:4      | Found a bloodstained altar of Trog.
  3601 | D:4      | Found a white marble altar of Elyvilon.
  3936 | D:4      | Identified the +1 chain mail of the Trombone {rF+ rCorr}
  4052 | D:5      | Entered Level 5 of the Dungeon
  4069 | D:5      | HP: 1/46 [poisoned by a gnoll sergeant]
  4069 | D:5      | Slain by a bullfrog

Illustrated notes

Levels and vault maps discovered:
D:1:      doesnt_arrival_eight_statues, layout_basic,
          dreamdust_ecumenical_altar_drowned_temple, st_stairs_4,
          roderic_roman_lattice
D:2:      layout_rooms, minmay_bisected
D:3:      layout_loops_cross, serial_shops,
          nicolae_shop_temple_entry_statues_fountains, kennysheep_small_spiral,
          minivault_5, chequers_serial_rivers_room_b, minmay_tree_intersection,
          roderic_malta_cross
D:4:      layout_basic, bloody_trog, elyvilon_altar_3
D:5:      layout_loops_ring, minmay_temple_entry_nine_rooms, serial_shops,
          nicolae_diamond_shop, moated_statue, roderic_batcave

Skill      XL: |  1  2  3  4  5  6 |
---------------+-------------------+-----
Stealth        | 3 4 6 7 |  7.8
Short Blades   | 4 |  4.7
Dodging        | 4 |  4.7
Fighting       | |  3.1

Action                   |  1- 3 |  4- 6 |  7- 9 || total
-------------------------+-------+-------+-------++-------
Melee: Short sword       |    61 |    82 |    22 ||   165
       Tentacles         |    11 |    12 |     2 ||    25
       Constrict         |    11 |    13 |     4 ||    28
  Use: Potion            |     3 |     4 |     1 ||     8
       Scroll            |     3 |     2 |     2 ||     7
 Stab: Sleeping          |    14 |    11 |     5 ||    30
Armor: Skin              |     5 |     7 |     1 ||    13
Dodge: Dodged            |    28 |    49 |    18 ||    95

Table legend: (Time is in decaauts)
 A = Elapsed time spent in this place.
 B = Non-inter-level travel time spent in this place.
 C = Inter-level travel time spent in this place.
 D = Time resting spent in this place.
 E = Time spent auto-exploring this place.
 F = Levels seen in this place.
 G = Mean time per level.
                   A        B        C        D        E       F      G
               +--------+--------+--------+--------+--------+-----+--------+
         Total |   4053 |   4027 |     26 |    605 |   2746 |   5 |  810.6 |
       Dungeon |   4053 |   4027 |     26 |    605 |   2746 |   5 |  810.6 |
               +--------+--------+--------+--------+--------+-----+--------+

Top non-repeatable levels by time:
     D:3: 1466 daAuts
     D:4: 1136 daAuts
     D:1: 827 daAuts
     D:2: 606 daAuts
     D:5: 15 daAuts
